 Dungeon Crawl Stone Soup version 0.26-a0-249-g7253cd193c (webtiles) character file.

Game seed: 12764218127421476208

7 vurker the Chiller (level 1, 0/14 HPs)
             Began as a Vampire Ice Elementalist on July 8, 2020.
             Slain by an ooze (5 damage)
             ... on level 1 of the Dungeon.
             The game lasted 00:00:26 (30 turns).

vurker the Chiller (Vampire Ice Elementalist)         Turns: 30, Time: 00:00:27

Health: 0/14       AC:  2    Str:  7    XL:     1   Next: 83%
Magic:  0/3        EV: 12    Int: 17    God:
Gold:   0          SH:  0    Dex: 14    Spells: 3/4 levels left

rFire    . . .     SeeInvis +   (no weapon)
rCold    . . .     Faith    .   (no shield)
rNeg     . . .     Spirit   .   a - +0 robe
rPois    .         Reflect  .   (no helmet)
rElec    .         Harm     .   (no cloak)
rCorr    .                      (no gloves)
MR       .....                  (no boots)
Stlth    ++........             (no amulet)
HPRegen  0.24/turn              (no ring)
MPRegen  0.08/turn              (no ring)

@: very slightly contaminated, regenerating quickly
A: no food, fangs 3, see invisible, unbreathing
a: Exsanguinate


You were on level 1 of the Dungeon.
You were alive.

You visited 1 branch of the dungeon, and saw 1 of its levels.

Inventory:

Armour
 a - a +0 robe (worn)


   Skills:
 + Level 0.4 Fighting
 - Level 2.1 Dodging
 - Level 3.0 Stealth
 + Level 2.1 Spellcasting
 * Level 4.2 Ice Magic


You had 3 spell levels left.
You knew the following spells:

 Your Spells              Type           Power        Failure   Level
a - Freeze                Ice            ###.         3%          1

Your spell library contained the following spells:

 Spells                   Type           Power        Failure   Level
 Frozen Ramparts          Ice            ###...       11%         3
 Ozocubu's Armour         Chrm/Ice       #.......     24%         3
 Hailstorm                Conj/Ice       #.......     63%         4
 Summon Ice Beast         Ice/Summ       #.......     63%         4


Dungeon Overview and Level Annotations

Branches:
Dungeon (1/15)

Altars:


Innate Abilities, Weirdness & Mutations

You do not eat.
Your natural rate of healing is unusually fast.
You have razor-sharp teeth.
You have supernaturally acute eyesight. (SInv)
You can survive without breathing.


Message History

The dart slug launches a dart at you. The slug dart hits you.
A goblin comes into view.
An ooze comes into view.
The bat barely misses you.
Aim: a bat You freeze the bat.
You kill the bat!
The ooze quivers.
Aim: a goblin You miscast Freeze.
You are very lightly contaminated with residual magic.
Nothing appears to happen.
The goblin hits you but does no damage.
Aim: a goblin You freeze the goblin!
You kill the goblin!
The kobold throws a stone.
The stone barely misses you.
The stone hits the plant.
You hit the goblin.
A leopard gecko comes into view.
The goblin hits you but does no damage.
The leopard gecko hisses angrily.
You hit the goblin.
You kill the goblin!
The kobold throws a stone.
The stone barely misses you.
You hit the dart slug but do no damage. You hit the dart slug.
The kobold closely misses you.
The dart slug bites you but does no damage.
You hit the dart slug but do no damage. The kobold closely misses you.
The dart slug closely misses you.
You hit the dart slug. The kobold closely misses you. The dart slug bites you.
You hit the dart slug. The kobold barely misses you.
You hit the dart slug but do no damage. The dart slug misses you.
The kobold hits you with a +0 club.
* * * LOW HITPOINT WARNING * * *
You barely miss the kobold. Your bite misses the kobold. The kobold misses you.
The dart slug launches a dart at you. The slug dart hits you.
* * * LOW HITPOINT WARNING * * *
The dart slug bites the plant but does no damage.
Things that are here:
a goblin corpse x2; a bat corpse
Aim: a dart slug (moderately wounded)
You freeze the dart slug. The kobold closely misses you.
You don't have enough magic to cast that spell.
You hit the dart slug. You bite the dart slug.
You kill the dart slug!
The kobold barely misses you. The ooze hits you.
You die...

#..♣......P.##
....PP.......##
.P............#
..P....P...♣..♣# ######
.....P...P.....# .....#
.............♣.##.....#
.PP.P.....P..P(.......#
.......<.......##.....##
....P.....PJ♣♣♣l@.......
.♣P..........♣.J........
.....P...P.♣...K........
♣.♣....P...PP........##.
#..............#.......
..P..........#(#........
.##♣.........#.#......#.
.##..............##
....##..#......#


You could see an ooze, a leopard gecko and a kobold.

Vanquished Creatures
  A dart slug (D:1)
  A bat (D:1)
  2 goblins (D:1)
4 creatures vanquished.

Notes
Turn   | Place    | Note
-------+----------+-------------------------------------------
     0 | D:1      | vurker the Vampire Ice Elementalist began the quest for the
                  | Orb.
     0 | D:1      | Reached XP level 1. HP: 13/13 MP: 3/3
    30 | D:1      | Slain by an ooze

Illustrated notes

Levels and vault maps discovered:
D:1:      wander_arrival_fairy_ring, layout_rooms

Action                   || total
-------------------------++-------
Melee: Unarmed           ||    10
       Bite              ||     1
 Cast: Freeze            ||     3
Armor: Robe              ||     3
Dodge: Dodged            ||    12

Table legend:
 A = Non-vault XP
 B = Vault XP
 C = Vault XP percentage of total XP
 D = Non-vault monster count
 E = Vault monster count
 F = Vault count percentage of total count
                 A         B        C        D         E       F
            +---------+---------+-------+---------+---------+-------
      Total |      10 |       0 |   0.0 |       4 |       0 |   0.0
            +---------+---------+-------+---------+---------+-------
        D:1 |      10 |       0 |   0.0 |       4 |       0 |   0.0
            +---------+---------+-------+---------+---------+-------
